cohdb
Replays
Latest Replays
All Replays
Popular Replays
Top Player Replays
Match Explorer
How It Works
Community
CoH3 Stats
Reddit
Sign in to upload your games and track your stats! →
Sign in with Steam
Match 25429021
Unlisted
Match 25429021
Overview
Messages
Build Orders
End
Construct Infanterie Kompanie
Selects Italian Coastal Battlegroup
Selects Coastal Reserves
Coastal Reserve
MG 42 Machine Gun Team
Coastal Reserve
Construct Panzergrenadier Kompanie
Selects Artillery Officer
Artillery Officer
Pak 40 Anti-tank Gun Team
Selects Support Bunkers
Medical Bunker
Selects Designated Artillery Overwatch
Support Elements
Nebelwerfer 42 Rocket Launcher Team
Artillery Officer
Nebelwerfer 42 Rocket Launcher Team
Pak 40 Anti-tank Gun Team
Construct Panzer Kompanie
Designated Artillery Overwatch
Panzer IV Medium Tank
Coastal Reserve
Medical Bunker
Repair Bunker
Stoßtruppen Squad
Panzer IV Medium Tank
Selects Bulwark
Selects Coastal Wall
Panzer IV Medium Tank
MG 42 Bunker
Side Skirts
MG 42 Bunker
MG 42 Bunker
Coastal Reserve
Artillery Officer
MG 42 Bunker
Coastal Reserve
MG 42 Bunker
Sturmpanzer IV Brummbär
Coastal Reserve
MG 42 Bunker
Nebelwerfer 42 Rocket Launcher Team
Gambit
Standard Grenadier
Schogunist
YangXYZ
Sgt wiggumZ
Moenk
0
0
Comments
sign in to comment!
No comments posted yet!